 Dungeon Crawl Stone Soup version 0.24-a0-584-g9d6b971ae4 (webtiles) character file.

Game seed: 15312718866712996684, levelgen mode: deterministic

3 Ge0ff the Digger (level 1, 0/14 HPs)
             Began as a Formicid Earth Elementalist on Aug 31, 2019.
             Slain by a leopard gecko (4 damage)
             ... on level 1 of the Dungeon.
             The game lasted 00:01:47 (122 turns).

Ge0ff the Digger (Formicid Earth Elementalist)       Turns: 122, Time: 00:01:48

Health: 0/14       AC:  2    Str: 12    XL:     1   Next: 55%
Magic:  0/3        EV: 12    Int: 14    God:
Gold:   10         SH:  0    Dex: 11    Spells: 3/4 levels left

rFire    . . .     SeeInvis +   v - +0 dagger
rCold    . . .     Gourm    .   (no shield)
rNeg     . . .     Faith    .   c - +0 robe
rPois    .         Spirit   .   (helmet unavailable)
rElec    .         Reflect  .   (no cloak)
rCorr    .         Harm     .   (no gloves)
MR       .....                  (no boots)
Stlth    ++........             (no amulet)
HPRegen  0.04/turn              (no ring)
MPRegen  0.08/turn              (no ring)

@: no status effects
A: permanent stasis, dig shafts and tunnels, four strong arms, antennae 3
a: Dig, Shaft Self


You were on level 1 of the Dungeon.
You were not hungry.

You visited 1 branch of the dungeon, and saw 1 of its levels.

You collected 10 gold pieces.

Inventory:

Hand Weapons
 v - a +0 dagger (weapon)
Missiles
 b - 23 stones (quivered)
 u - a throwing net {!f}
Armour
 c - a +0 robe (worn)
Jewellery
 w - an uncursed ring of ice
Scrolls
 C - a scroll of remove curse
Potions
 D - a potion of magic {unknown}
Comestibles
 r - 2 rations
 t - 2 chunks of flesh


   Skills:
 + Level 0.4 Fighting
 - Level 1.7 Dodging
 - Level 2.4 Stealth
 + Level 2.3 Spellcasting
   Level 1.1 Transmutations
 + Level 3.7 Earth Magic


You had 3 spell levels left.
You knew the following spells:

 Your Spells              Type           Power        Failure   Level  Hunger
k - Sandblast             Erth           ##....       4%          1    #......

Your spell library contained the following spells:

 Spells                   Type           Power        Failure   Level  Hunger
 Passwall                 Tmut/Erth      #.......     13%         2    ###....
 Stone Arrow              Conj/Erth      #.....       32%         3    ###....
 Petrify                  Tmut/Erth      #.......     65%         4    #####..
 Lee's Rapid Deconstruct  Erth           ##........   80%         5    ######.


Dungeon Overview and Level Annotations

Branches:
Dungeon (1/15)

Altars:


Innate Abilities, Weirdness & Mutations

You cannot be hasted, slowed, berserked, paralysed or teleported.
You can dig through walls and to a lower floor.
Your four strong arms can wield two-handed weapons with a shield.
You have a pair of large antennae on your head. (SInv)


Message History

The leopard gecko hisses angrily.
The leopard gecko bites you.
Casting: Sandblast (safe; 4% risk of failure)
Confirm with . or Enter, or press ? or * to list all spells.
Aiming: Sandblast (safe; 4% risk of failure)
Press: ? - help, Shift-Dir - straight line, f/p - leopard gecko
Aim: a leopard gecko (clinging)
The blast of sand hits the leopard gecko.
The leopard gecko is moderately wounded.
b - 23 stones The leopard gecko bites you.
Casting: Sandblast (safe; 4% risk of failure)
Confirm with . or Enter, or press ? or * to list all spells.
You don't have enough magic to cast that spell.
You hit the leopard gecko.
The leopard gecko is almost dead.
The leopard gecko bites you.
* * * LOW HITPOINT WARNING * * *
The leopard gecko bites you.
You die...

#............
+.....#.....
#.....#...#
##.....##..#
#..........#
#.###.###.##
#.###.###>#######.
#.........#.(.....
#....)....@l#
#.........###
#.............
#.........###.
#.........#
#####.........#
...>..........#
######........#
#........#


You could see a leopard gecko.

Vanquished Creatures
  A leopard gecko (D:1)
  2 bats (D:1)
3 creatures vanquished.

Notes
Turn   | Place    | Note
-------+----------+-------------------------------------------
     0 | D:1      | Ge0ff the Formicid Earth Elementalist began the quest for
                  | the Orb.
     0 | D:1      | Reached XP level 1. HP: 13/13 MP: 3/3
   122 | D:1      | Slain by a leopard gecko

Levels and vault maps discovered:
D:1:      minmay_arrival_arboretum_small, layout_basic,
          chequers_serial_rivers_micro_d, minmay_tromino_v2

Action                   || total
-------------------------++-------
Melee: Dagger            ||     1
 Cast: Sandblast         ||     7
  Use: Scroll            ||     3
Armor: Robe              ||     1
Dodge: Dodged            ||     1

Table legend:
 A = Non-vault XP
 B = Vault XP
 C = Vault XP percentage of total XP
 D = Non-vault monster count
 E = Vault monster count
 F = Vault count percentage of total count
                 A         B        C        D         E       F
            +---------+---------+-------+---------+---------+-------
      Total |       5 |       0 |   0.0 |       3 |       0 |   0.0
            +---------+---------+-------+---------+---------+-------
        D:1 |       5 |       0 |   0.0 |       3 |       0 |   0.0
            +---------+---------+-------+---------+---------+-------

Levels and vault maps discovered:
D:1:      minmay_arrival_arboretum_small, layout_basic,
          chequers_serial_rivers_micro_d, minmay_tromino_v2
